 Dungeon Sprint DCSS version 0.31-a0-455-g1a7b003ef0 (webtiles) character file.

Game seed: 11337893118340019369

145 Monkooky the Covert (level 5, -5/30 HPs)
             Began as a Kobold Brigand on Aug 2, 2023.
             Was an Initiate of Wu Jian.
             Slain by a slime creature (18 damage)
             ... in the Dungeon (Sprint I: "Red Sonja") on Aug 3, 2023.
             The game lasted 00:03:16 (249 turns).

Monkooky the Covert (Kobold Brigand)                 Turns: 249, Time: 00:03:17

Health: -5/30      AC:  3    Str: 14    XL:     5   Next: 53%
Magic:  5/5        EV: 14    Int: 13    God:    Wu Jian [......]
Gold:   162        SH:  0    Dex: 18    Spells: 4/4 levels left

rFire   . . .        a - +2 dagger
rCold   . . .        (no shield)
rNeg    . . .        b - +0 robe
rPois   .            (no helmet)
rElec   .            c - +0 cloak
rCorr   .            (no gloves)
SInv    .            (no boots)
Will    .....        e - amulet of magic regeneration
Stlth   ++++++       f - +6 ring of strength
HPRegen 0.25/turn    (no ring)
MPRegen 0.49/turn

%: no teleportation
@: no status effects
A: small, no large weapons, nightstalker 3
a: Renounce Religion


You were in the Dungeon.
You worshipped Wu Jian.
Wu Jian was noncommittal.
You visited 1 branch You collected 162 gold pieces.

Inventory:

Hand Weapons
 a - a +2 dagger (weapon)
 j - a +0 dagger of holy wrath
Missiles
 d - 9 poisoned darts (quivered)
 l - 2 curare-tipped darts
Armour
 b - a +0 robe (worn)
 c - a +0 cloak (worn)
Jewellery
 e - an amulet of magic regeneration (around neck)
 f - a +6 ring of strength (left hand)
Scrolls
 k - a scroll of blinking
Potions
 h - a potion of haste
 i - 2 potions of magic


   Skills:
 - Level 2.1 Fighting
 + Level 9.7 Short Blades
 - Level 2.1 Throwing
 - Level 1.2 Dodging
 + Level 11.5 Stealth


You had 4 spell levels left.
You didn't know any spells.
Your spell library was empty.

Dungeon Overview and Level Annotations

Branches:
Dungeon (1/1)

Altars:
Makhleb
Sif Muna
Vehumet
Wu Jian
Xom
Jiyva
Lugonu


Innate Abilities, Weirdness & Mutations

You are small and have problems with some larger weapons.
You are completely attuned to the shadows.


Message History

You continue putting on your amulet of magic regeneration. x5
You finish putting on your amulet of magic regeneration.
e - an amulet of magic regeneration (around neck)
There is an open door here.
There is an open door here.
You start resting.
HP restored.
There is an open door here.
Okay, then.
You open the door.
A slime creature comes into view.
Found a viscous altar of Jiyva and a corrupted altar of Lugonu.
Found a burning altar of Makhleb and a shimmering altar of Xom.
The slime creature quivers.
There is an open door here.
You hit the slime creature.
The slime creature is lightly wounded.
The slime creature hits you.
You hit the slime creature.
The slime creature is lightly wounded.
You hit the slime creature.
The slime creature is lightly wounded.
The slime creature hits you!
Ouch! That really hurt!
You hit the slime creature.
The slime creature is lightly wounded.
You hit the slime creature.
The slime creature is moderately wounded.
The slime creature closely misses you.
Okay, then.
You hit the slime creature but do no damage.
The slime creature is moderately wounded.
You hit the slime creature.
The slime creature is moderately wounded.
The slime creature closely misses you.
You hit the slime creature.
The slime creature is moderately wounded.
The slime creature hits you!!
Ouch! That really hurt!
You die...

###################
#<.#..'..#..'..#__#
#..)..#.)'..#..@J.+
#..#####'#####'#__#
#..# #..# #.####
#..# #### ##.# #[.#
#+#_.+ #⌠⌠# +..._#
#### #_.#+# ##+#


You could see a slime creature.

Vanquished Creatures
  An ogre (D)
  A jelly (D)
  Ijyb (D)
  An adder (D)
4 creatures vanquished.

Notes
Turn   | Place    | Note
-------+----------+-------------------------------------------
     0 | D        | Monkooky the Kobold Brigand began the quest for the Orb.
     0 | D        | Reached XP level 1. HP: 12/12 MP: 1/1
     1 | D        | Noticed Ijyb
    27 | D        | Upgraded the game from 0.31-a0-435-g2c6fae2916 to
                  | 0.31-a0-455-g1a7b003ef0
    33 | D        | Killed Ijyb
    34 | D        | Reached skill level 8 in Stealth
    34 | D        | Reached XP level 2. HP: 14/17 MP: 2/2
    34 | D        | Reached XP level 3. HP: 17/21 MP: 3/3
    74 | D        | Noticed an ogre
    76 | D        | Killed an ogre
    77 | D        | Reached skill level 10 in Stealth
    77 | D        | Reached XP level 4. HP: 26/26 MP: 4/4
    77 | D        | Reached XP level 5. HP: 30/30 MP: 5/5
    85 | D        | Noticed Sigmund
   108 | D        | Noticed Sigmund
   113 | D        | Killed Sigmund the adder
   142 | D        | Found an ornate altar of the Wu Jian Council.
   143 | D        | Found a shimmering blue altar of Sif Muna.
   144 | D        | Found a radiant altar of Vehumet.
   147 | D        | Became a worshipper of the Wu Jian Council
   157 | D        | Reached skill level 11 in Stealth
   240 | D        | Found a viscous altar of Jiyva.
   240 | D        | Found a corrupted altar of Lugonu.
   240 | D        | Noticed a slime creature
   241 | D        | Found a burning altar of Makhleb.
   241 | D        | Found a shimmering altar of Xom.
   249 | D        | Slain by a slime creature

Illustrated notes

Levels and vault maps discovered:
D:        dungeon_sprint_1 [red_sonja_temple_1, red_sonja_temple_small_1]

Skill      XL: |  1  2  3  4  5 |
---------------+----------------+-----
Short Blades   | 6 8 9 |  9.7
Stealth        | 8 10 11 | 11.5
Fighting       | |  2.1
Throwing       | |  2.1
Dodging        | |  1.2

Action                     |  1- 3 |  4- 6 || total
---------------------------+-------+-------++-------
  Melee: Unarmed           |    20 |       ||    20
         Dagger            |     2 |    21 ||    23
  Throw: Dart              |     3 |       ||     3
  Evoke: Wand              |       |     3 ||     3
    Use: Potion            |     1 |     2 ||     3
   Stab: Sleeping          |     1 |       ||     1
 Armour: Skin              |     2 |       ||     2
         Robe              |       |     3 ||     3
  Dodge: Dodged            |    16 |     6 ||    22

Table legend: (Time is in decaauts)
 A = Elapsed time spent in this place.
 B = Non-inter-level travel time spent in this place.
 C = Inter-level travel time spent in this place.
 D = Time resting spent in this place.
 E = Time spent auto-exploring this place.
 F = Levels seen in this place.
 G = Mean time per level.
                   A        B        C        D        E       F      G
               +--------+--------+--------+--------+--------+-----+--------+
         Total |    247 |    247 |      0 |    107 |     28 |   1 |  247.0 |
       Dungeon |    247 |    247 |      0 |    107 |     28 |   1 |  247.0 |
               +--------+--------+--------+--------+--------+-----+--------+

Top non-repeatable levels by time:
       D: 247 daAuts
